 Dungeon Crawl Stone Soup version 0.17-a0-1802-g9847487 (console) character file.

84 Illiel the Sneak (level 4, -8/27 HPs)
             Began as a High Elf Enchanter on Sept 11, 2015.
             Killed by nerve-wracking pain
             ... invoked by an orc priest
              (13 damage)
             ... on level 3 of the Dungeon.
             The game lasted 00:09:23 (2108 turns).

Illiel the Sneak (High Elf Enchanter)               Turns: 2108, Time: 00:09:23

Health: -8/27      AC:  3    Str:  7    XL:     4   Next: 24%
Magic:  0/9        EV: 17    Int: 19    God:
Gold:   72         SH:  0    Dex: 16    Spells: 4 memorised, 0 levels left

rFire  . . .     SeeInvis .     a - +2 dagger
rCold  . . .     Clarity  .     b - +1 robe
rNeg   . . .     SustAt   .     (no shield)
rPois  .         Gourm    .     (no helmet)
rElec  .         Spirit   .     (no cloak)
rCorr  .         Warding  .     (no gloves)
rMut   .         Stasis   .     (no boots)
MR     .....                    (no amulet)
Stlth  +++.......               (no ring)
                                j - +4 ring of evasion

@: not resistant to hostile enchantments, fairly stealthy
A: no striking features
a: no special abilities


You were on level 3 of the Dungeon.
You were hungry.

You visited 1 branch of the dungeon, and saw 3 of its levels.

You collected 72 gold pieces.

Inventory:

Hand weapons
 a - a +2 dagger (weapon)
Armour
 b - a +1 robe (worn)
Jewellery
 j - a +4 ring of evasion (left hand)
Potions
 e - 2 potions of magic {unknown}
 h - 2 potions of heal wounds
 k - 3 potions of curing {unknown}
 n - 2 potions of might {unknown}
 o - a potion of flight {unknown}
Books
 c - a book of Maledictions

   Spells                             Type                      Level
   a - Corona                         Hexes                        1
   b - Ensorcelled Hibernation        Hexes/Ice                    2
   c - Confuse                        Hexes                        3
   d - Tukima's Dance                 Hexes                        3
   e - Dazzling Spray                 Conjuration/Hexes            3
Comestibles
 d - a bread ration
 f - 6 chunks of flesh
 l - a meat ration


   Skills:
 + Level 2.2 Short Blades
 - Level 2.1 Dodging
 + Level 4.2 Stealth
 + Level 3.1 Spellcasting
 + Level 3.8 Hexes


You couldn't memorise any spells.
You knew the following spells:

 Your Spells              Type           Power        Failure   Level  Hunger
a - Corona                Hex            ###....      3%          1    None
d - Tukima's Dance        Hex            ###.....     12%         3    ###....
i - Confuse               Hex            ###.....     12%         3    ###....
j - Ensorcelled Hibernat  Hex/Ice        ##....       12%         2    ##.....


Dungeon Overview and Level Annotations

Branches:
Dungeon (3/15)

Altars:
The Shining One


Message History

Confirm with . or Enter, or press ? or * to list all spells.
Aiming: Ensorcelled Hibernation
Press: ? - help, Shift-Dir - straight line, f/p - orc priest
Aim: an orc priest (chance to defeat MR: 41%)
The orc priest resists with some effort.
The orc priest looks braver for a moment.
Your hand axe hits the goblin.
You hit the orc priest.
The orc priest is lightly wounded.
The orc priest barely misses you.
You hit the orc priest.
The orc priest is lightly wounded.
The orc priest miscasts a cantrip.
Your hand axe hits the goblin.
The goblin dies!
You hit the orc priest.
The orc priest is moderately wounded.
The orc priest mumbles some strange prayers to Beogh against you.
Pain shoots through your body!
You die... ∙ ∙∙ ▒▒ ∙▒ ∙ ∙∙▒ ∙▒▒▒▒∙ ∙∙ ∙∙∙∙∙∙▒▒▒▒g▒▒▒▒∙ ▒∙∙∙∙∙∙o∙∙∙∙∙ ▒∙▒▒∙▒▒▒▒∙∙▒▒ ▒∙▒▒o▒ ▒∙▒▒∙▒ ▒∙▒▒g▒ ▒∙▒▒o▒ ▒∙▒▒▒∙▒▒∙▒▒▒▒▒∙▒ ▒∙∙∙∙∙∙∙∙∙∙∙∙∙∙▒ ▒▒▒▒▒▒▒∙▒▒∙▒▒▒▒▒▒▒▒▒▒∙ ∙∙∙∙∙∙∙∙∙∙∙∙(%o@∙∙∙∙∙∙∙

▒∙▒▒▒∙▒▒∙▒▒▒▒▒▒∙▒▒▒▒▒▒∙≈≈
▒∙∙∙∙∙∙∙∙∙∙∙∙∙∙∙∙∙∙∙∙∙P∙#
▒∙▒▒∙∙▒▒∙▒▒∙▒▒▒∙▒▒▒▒▒▒###
▒∙∙∙∙∙∙∙∙∙▒∙∙∙∙∙∙∙∙∙∙▒
∙▒∙∙▒∙∙∙∙∙∙∙∙∙∙∙∙▒∙∙▒∙▒
∙∙∙∙∙∙∙∙∙∙∙∙P∙▒∙▒▒∙∙▒∙▒
∙∙∙∙∙∙∙∙∙∙∙∙PP∙∙∙>∙▒▒∙▒
∙∙∙▒∙∙∙∙∙∙P∙∙∙∙∙∙∙∙∙▒∙▒
▒▒∙▒∙∙∙∙∙∙∙∙∙P▒∙∙∙∙∙▒∙▒
∙∙∙∙∙∙∙∙∙∙∙∙∙∙▒∙▒∙▒∙▒∙▒
▒▒∙▒▒∙∙∙∙∙∙∙▒∙▒∙▒∙▒∙▒(▒
∙∙∙∙∙∙>∙<∙∙∙▒∙▒∙▒∙▒∙▒∙▒
∙▒▒▒∙▒∙∙∙∙∙<▒∙▒∙∙∙∙∙▒)▒
∙∙∙∙∙∙∙∙∙∙▒▒▒∙▒∙∙∙▒ ▒∙▒
▒∙▒∙∙∙∙∙∙∙∙∙∙▒∙∙∙▒ ▒∙▒
▒∙▒▒▒▒▒▒∙▒▒▒▒▒∙∙∙▒ ▒∙▒


You could see an orc priest and a friendly hand axe.

Vanquished Creatures
  A gnoll (D:1)
  2 adders (D:2)
  2 worms
  2 orcs
  4 bats (D:1)
  8 goblins
  4 hobgoblins
  2 ball pythons
  4 giant cockroaches
  4 giant geckos
  4 giant newts
  5 kobolds
  6 rats (D:1)
48 creatures vanquished.

Vanquished Creatures (collateral kills)
  A goblin (D:3)
1 creature vanquished.

Grand Total: 49 creatures vanquished

Notes
Turn   | Place    | Note
--------------------------------------------------------------
     0 | D:1      | Illiel the High Elf Enchanter began the quest for the Orb.
     0 | D:1      | Reached XP level 1. HP: 11/11 MP: 4/4
   352 | D:1      | Reached XP level 2. HP: 7/17 MP: 3/6
   356 | D:1      | Learned a level 2 spell: Ensorcelled Hibernation
  1021 | D:1      | Reached XP level 3. HP: 14/21 MP: 8/8
  1029 | D:1      | Learned a level 3 spell: Confuse
  1490 | D:2      | Reached skill level 4 in Stealth
  1678 | D:2      | Reached XP level 4. HP: 27/27 MP: 4/9
  1683 | D:2      | Learned a level 3 spell: Tukima's Dance
  1712 | D:2      | Found a glowing golden altar of the Shining One.
  2108 | D:3      | Killed from afar by an orc priest

Vault maps used:
D:1:      sevenhm_arrival_forest_fort_large_1
D:2:      serial_forest, infiniplex_forest_straight_3,
          infiniplex_forest_straight_3, infiniplex_forest_clump_C,
          infiniplex_forest_corner_2, infiniplex_forest_straight_4,
          infiniplex_forest_lined_1, tso_altar
D:3:      grunt_dithmenos_smoke_and_mirrors, old_standard_altar, serial_undead,
          serial_undead_f, serial_undead_f, serial_undead_e, serial_undead_c,
          serial_undead_b, serial_undead_a, serial_undead_b, serial_undead_b

Action                   |  1- 3 |  4- 6 || total
-------------------------+-------+-------++-------
Melee: Dagger            |    57 |    16 ||    73
       Short sword       |    21 |       ||    21
Throw: Throwing net      |     1 |       ||     1
 Cast: Corona            |     5 |       ||     5
       Ensorcelled Hiber |    28 |    10 ||    38
       Tukima's Dance    |       |     1 ||     1
  Use: Scroll            |     5 |     1 ||     6
 Stab: Sleeping          |    31 |     8 ||    39
  Eat: Chunk             |     4 |     1 ||     5
